 Dungeon Crawl Stone Soup version 0.24-a0-218-ga595e75 (webtiles) character file.

Game seed: 9482120189158162642

1330 emperorscorpion the Conjurer (level 8, 0/43 HPs)
             Began as a Deep Elf Conjurer on Mar 29, 2019.
             Was a Believer of Ashenzari.
             Killed from afar by an orc wizard (8 damage)
             ... with a magic dart
             ... on level 6 of the Dungeon on Mar 30, 2019.
             The game lasted 00:21:53 (8048 turns).

emperorscorpion the Conjurer (Deep Elf Conjurer)    Turns: 8048, Time: 00:21:54

Health: 0/43       AC:  5    Str:  5    XL:     8   Next: 34%
Magic:  16/19      EV: 15    Int: 23    God:    Ashenzari [**....]
Gold:   267        SH:  0    Dex: 15    Spells: 11/19 levels left

rFire    . . .     SeeInvis +   a - +1 shortbow (freeze)
rCold    . . .     Gourm    .   (shield currently unavailable)
rNeg     + . .     Faith    .   u - +1 robe
rPois    .         Spirit   .   w - +0 helmet
rElec    .         Reflect  .   f - +0 cloak {+Inv}
rCorr    .         Harm     .   (no gloves)
MR       .....                  (no boots)
Stlth    +.........             (no amulet)
HPRegen  0.14/turn              i - ring of positive energy
MPRegen  0.16/turn              o - ring of see invisible

@: confused
A: no striking features
a: Curse Item, Scrying, Renounce Religion, Evoke Invisibility


You were on level 6 of the Dungeon.
You worshipped Ashenzari.
Ashenzari was pleased with you.
You were very hungry.

You visited 1 branch of the dungeon, and saw 6 of its levels.

You collected 267 gold pieces.

Inventory:

Hand Weapons
 a - a +1 shortbow of freezing (weapon)
 b - a +1 rapier
 p - a +0 dagger
 A - the +1 mace of Sudden Death {freeze, Int+2}
   (You found it on level 4 of the Dungeon)

   It has been specially enchanted to freeze those struck by it, causing extra
   injury to most foes and up to half again as much damage against particularly
   susceptible opponents.
   It can also slow down cold-blooded creatures.
   It affects your intelligence (+2).
Missiles
 l - 6 tomahawks
 n - 2 javelins
 q - a throwing net
 B - 29 arrows (quivered)
Armour
 f - a +0 cloak of invisibility (worn)
 u - a +1 robe (worn)
 v - a +2 leather armour of poison resistance
 w - a +0 helmet (worn)
Magical Staves
 y - an uncursed staff of cold
Jewellery
 d - an uncursed ring of resist corrosion
 g - an uncursed ring of protection from magic
 h - an uncursed ring of flight
 i - a ring of positive energy (left hand)
 k - an uncursed ring of wizardry
 o - a ring of see invisible (right hand)
Wands
 r - a wand of flame (14)
 C - a wand of iceblast (8)
Scrolls
 e - a scroll of teleportation
 j - 2 scrolls of remove curse
 t - a scroll of identify
 x - 3 scrolls of immolation
Potions
 m - a potion of ambrosia
 z - a potion of resistance
Comestibles
 c - 9 rations


   Skills:
 + Level 1.3 Fighting
 + Level 3.1 Short Blades
 + Level 1.6 Maces & Flails
 + Level 1.5 Bows
 + Level 4.7 Dodging
 + Level 4.3 Stealth
 + Level 6.1 Spellcasting
 + Level 6.9 Conjurations
 + Level 1.5 Hexes
 * Level 3.8 Evocations


You had 11 spell levels left.
You knew the following spells:

 Your Spells              Type           Power        Failure   Level  Hunger
a - Magic Dart            Conj           ####         1%          1    None
b - Dazzling Spray        Conj/Hex       ####..       4%          3    #......
c - Iskenderun's Mystic   Conj           #####...     4%          4    ###....

Your spell library contained the following spells:

 Spells                   Type           Power        Failure   Level  Hunger
 Searing Ray              Conj           #####.       1%          2    None
 Summon Small Mammal      Summ           #...         9%          1    None
 Call Imp                 Summ           #.......     13%         2    None
 Fulminant Prism          Conj/Hex       ####......   14%         4    ###....
 Summon Guardian Golem    Hex/Summ       ##......     19%         3    #......
 Force Lance              Conj/Tloc      ###.....     21%         4    ###....
 Call Canine Familiar     Summ           #.......     26%         3    #......
 Summon Ice Beast         Ice/Summ       #.......     63%         4    ###....
 Summon Lightning Spire   Summ/Air       #.......     63%         4    ###....


Dungeon Overview and Level Annotations

Branches:
Dungeon (6/15)             Temple (0/1) D:4

Altars:
Ashenzari
Elyvilon
Fedhas
Kikubaaqudgha
Makhleb
Yredelemnul


Message History

The orc wizard casts a spell at you. The puff of flame hits you!
* * * LOW HITPOINT WARNING * * *
You feel better.
The orc throws a javelin.
The javelin hits you.
* * * LOW HITPOINT WARNING * * *
The orc wizard hits you but does no damage.
The orc wizard mumbles some strange words.
The orc wizard seems to speed up.
The orc wizard mumbles some strange words.
The orc wizard flickers and vanishes for a moment.
You are confused.
You feel invigorated. The orc warrior misses you.
You're too confused to move!
The orc wizard points at you and mumbles some strange words.
The puff of flame hits you!
* * * LOW HITPOINT WARNING * * *
The orc warrior misses you. The orc wizard closely misses you.
The orc wizard gestures at you while chanting.
The magic dart hits you!
You die...

#######
#.##########.........
#.# #.........
#.##########.........
#((.)...............(
#....................
#....................
##.......(...........
#..ooo.......''###..
#..@.o.....).#.##...
#.......(....#.##...
#............#.##...
#............#.##.(.
#............#.#####
##############.# #.#
#.##### #......


You could see an orc warrior, an orc priest, an orc wizard (invisible) and an
orc.

Vanquished Creatures
  An ice beast (D:5)
  An orc warrior (D:6)
  An ogre (D:6)
  2 centaurs (D:6)
  2 bullfrogs (D:6)
  2 scorpions
  A crimson imp (D:5)
  2 jellies
  Crazy Yiuf (D:4)
  2 orc priests
  An iguana (D:6)
  3 worker ants
  4 orc wizards
  A hound zombie (D:6)
  A hound skeleton (D:4)
  A worker ant zombie (D:6)
  12 adders
  6 worms
  2 dart slugs
  3 leopard geckos
  17 orcs
  2 ball pythons
  6 bats
  8 giant cockroaches
  11 hobgoblins
  8 jackals
  4 kobolds
  3 frilled lizards
  A giant cockroach zombie (D:6)
  11 goblins
  A jackal skeleton (D:4)
  5 rats
126 creatures vanquished.

Notes
Turn   | Place    | Note
-------+----------+-------------------------------------------
     0 | D:1      | emperorscorpion the Deep Elf Conjurer began the quest for
                  | the Orb.
     0 | D:1      | Reached XP level 1. HP: 10/10 MP: 6/6
   212 | D:1      | Reached XP level 2. HP: 15/15 MP: 2/8
   540 | D:1      | Reached skill level 5 in Conjurations
   941 | D:2      | Reached XP level 3. HP: 19/19 MP: 4/9
  1125 | D:2      | Learned a level 3 spell: Dazzling Spray
  1408 | D:2      | Reached XP level 4. HP: 24/24 MP: 6/11
  2346 | D:2      | Found a basalt altar of Yredelemnul.
  2347 | D:2      | Found a shattered altar of Ashenzari.
  2360 | D:2      | Became a worshipper of Ashenzari the Shackled
  2703 | D:3      | Reached XP level 5. HP: 9/28 MP: 1/13
  2998 | D:3      | Learned a level 4 spell: Iskenderun's Mystic Blast
  3214 | D:3      | Reached skill level 1 in Short Blades
  3937 | D:4      | Got the mace of Sudden Death {freeze, Int+2}
  3938 | D:4      | Identified the +1 mace of Sudden Death {freeze, Int+2} (You
                  | found it on level 4 of the Dungeon)
  3941 | D:4      | Found a runed translucent door.
  3942 | D:4      | Noticed Crazy Yiuf
  3963 | D:4      | Killed Crazy Yiuf
  3963 | D:4      | Reached skill level 5 in Spellcasting
  4383 | D:4      | Found a staircase to the Ecumenical Temple.
  4642 | D:4      | Reached XP level 6. HP: 32/32 MP: 6/15
  4765 | D:5      | Entered Level 5 of the Dungeon
  5015 | D:5      | Reached skill level 1 in Evocations
  5073 | D:5      | Upgraded the game from 0.24-a0-217-g1152973 to
                  | 0.24-a0-218-ga595e75
  5180 | D:5      | Reached * piety under Ashenzari
  5877 | D:5      | Found a blossoming altar of Fedhas.
  6222 | D:5      | Noticed an ice beast
  6226 | D:5      | Killed an ice beast
  6226 | D:5      | Reached skill level 1 in Hexes
  6226 | D:5      | Reached XP level 7. HP: 26/37 MP: 8/17
  6659 | D:6      | Reached skill level 1 in Maces & Flails
  6798 | D:6      | Reached skill level 1 in Fighting
  6911 | D:6      | Found a burning altar of Makhleb.
  7289 | D:6      | Reached XP level 8. HP: 43/43 MP: 9/18
  7860 | D:6      | Found a white marble altar of Elyvilon.
  7860 | D:6      | Found an ancient bone altar of Kikubaaqudgha.
  7861 | D:6      | Found a blossoming altar of Fedhas.
  7864 | D:6      | Reached skill level 1 in Bows
  7945 | D:6      | Reached ** piety under Ashenzari
  8039 | D:6      | HP: 1/43 [orc wizard/puff of flame (7)]
  8047 | D:6      | HP: 2/43 [orc wizard/puff of flame (9)]
  8048 | D:6      | Killed from afar by an orc wizard

Levels and vault maps discovered:
D:1:      evilmike_arrival_run_for_it, layout_rooms, minmay_misc_feat_encased
D:2:      layout_loops_corners, gammafunk_temple_overflow_pools
D:3:      layout_basic, first_ration
D:4:      layout_basic, temple_green, uniq_crazy_yiuf_cottage
D:5:      minmay_recursive_quarters, layout_layer_cave, fedhas_altar_1
D:6:      layout_basic, gammafunk_temple_overflow_forgotten,
          lemuel_doored_altar, gup_sewer_entry_glass, kennysheep_slug_shrine

Skill      XL: |  1  2  3  4  5  6  7  8 |
---------------+-------------------------+-----
Conjurations   | 5 6 |  6.9
Spellcasting   | 4 5 6 |  6.1
Stealth        | 3 4 |  4.3
Short Blades   | 1 2 3 |  3.1
Dodging        | 3 4 |  4.7
Evocations     | 2 3 |  3.8
Hexes          | 1 |  1.5
Maces & Flails | 1 |  1.6
Fighting       | 1 |  1.3
Bows           | 1 |  1.5

Action                   |  1- 3 |  4- 6 |  7- 9 || total
-------------------------+-------+-------+-------++-------
Melee: Dagger            |     2 |       |       ||     2
       Rapier            |       |    86 |    44 ||   130
       Mace              |       |    51 |       ||    51
 Fire: Shortbow          |       |       |    17 ||    17
 Cast: Magic Dart        |    82 |    49 |     1 ||   132
       Dazzling Spray    |       |    21 |     1 ||    22
       Iskenderun's Myst |       |    31 |    38 ||    69
Evoke: Wand              |       |     2 |       ||     2
  Use: Scroll            |     5 |     8 |       ||    13
       Potion            |       |     5 |     3 ||     8
 Stab: Sleeping          |       |     4 |     1 ||     5
       Invisible         |       |     1 |       ||     1
  Eat: Chunk             |     1 |    15 |     5 ||    21
       Ration            |       |     2 |     1 ||     3
Armor: Robe              |       |    40 |    16 ||    56
Dodge: Dodged            |     3 |   116 |    52 ||   171

Table legend:
 A = Non-vault XP
 B = Vault XP
 C = Vault XP percentage of total XP
 D = Non-vault monster count
 E = Vault monster count
 F = Vault count percentage of total count
                 A         B        C        D         E       F
            +---------+---------+-------+---------+---------+-------
      Total |    1628 |     273 |  14.4 |     110 |      16 |  12.7
            +---------+---------+-------+---------+---------+-------
        D:1 |      33 |       5 |  13.2 |      16 |       1 |   5.9
        D:2 |     102 |       0 |   0.0 |      33 |       0 |   0.0
        D:3 |     141 |       0 |   0.0 |      26 |       0 |   0.0
        D:4 |      71 |      42 |  37.2 |       9 |       1 |  10.0
        D:5 |     187 |     179 |  48.9 |       3 |       8 |  72.7
        D:6 |    1094 |      47 |   4.1 |      23 |       6 |  20.7
            +---------+---------+-------+---------+---------+-------
